 Dungeon Crawl Stone Soup version 0.17.1-2-g5865329 (webtiles) character file.

182 xeno23 the Charmwright (level 5, -6/35 HPs)
             Began as a High Elf Skald on Jan 29, 2016.
             Mangled by an iguana (11 damage)
             ... on level 4 of the Dungeon.
             The game lasted 00:10:38 (2548 turns).

xeno23 the Charmwright (High Elf Skald)             Turns: 2548, Time: 00:10:39

Health: -6/35      AC:  8    Str: 12    XL:     5   Next: 34%
Magic:  9/10       EV:  9    Int: 16    God:
Gold:   152        SH:  0    Dex: 14    Spells: 3 memorised, 4 levels left

rFire  . . .     SeeInvis .     y - +0 long sword
rCold  . . .     Clarity  .     g - +0 scale mail
rNeg   . . .     SustAt   .     (no shield)
rPois  .         Gourm    .     h - +0 helmet
rElec  .         Spirit   .     (no cloak)
rCorr  .         Warding  .     (no gloves)
rMut   .         Stasis   .     i - +0 pair of boots
MR     .....                    (no amulet)
Stlth  ..........               (no ring)
                                (no ring)

@: infused, not resistant to hostile enchantments, extremely unstealthy
A: no striking features
a: no special abilities


You were on level 4 of the Dungeon.
You were hungry.

You visited 1 branch of the dungeon, and saw 4 of its levels.

You collected 152 gold pieces.

Inventory:

Hand Weapons
 k - a +0 dagger of venom
 o - a +2 whip of electrocution
 y - a +0 long sword (weapon)
Missiles
 p - 22 poisoned needles
 r - 3 curare-tipped needles
Armour
 b - a +0 leather armour
 g - a +0 scale mail (worn)
 h - a +0 helmet (worn)
 i - a +0 pair of boots (worn)
Scrolls
 e - 3 scrolls of identify {unknown}
 f - 3 scrolls of random uselessness {unknown}
 n - a scroll of magic mapping {unknown}
 q - a scroll of enchant armour {unknown}
 s - a scroll of fear {unknown}
 t - a scroll of immolation {unknown}
 v - a scroll of enchant weapon {unknown}
Potions
 m - a potion of agility {unknown}
 u - 2 potions of beneficial mutation {unknown}
 w - 2 potions of degeneration {unknown}
Books
 c - a book of Battle

   Spells                             Type                      Level
   a - Infusion                       Charms                       1
   b - Shroud of Golubria             Charms/Translocation         2
   c - Song of Slaying                Charms                       2
   d - Spectral Weapon                Hexes/Charms                 3
   e - Regeneration                   Charms/Necromancy            3
Comestibles
 d - 3 bread rations
 j - 2 beef jerkies
 l - a meat ration
 x - 4 chunks of flesh


   Skills:
 + Level 2.4 Fighting
 * Level 4.2 Long Blades
 * Level 1.6 Armour
 + Level 2.3 Dodging
 - Level 3.0 Spellcasting
 * Level 1.1 Hexes
 + Level 4.4 Charms
 + Level 0.2 Translocations


You had 4 spell levels left.
You knew the following spells:

 Your Spells              Type           Power        Failure   Level  Hunger
a - Infusion              Chrm           ###...       17%         1    #......
b - Shroud of Golubria    Chrm/Tloc      ##........   61%         2    ##.....
c - Spectral Weapon       Hex/Chrm       ##......     86%         3    ###....


Dungeon Overview and Level Annotations

Branches:
Dungeon (4/15)
 Temple: D:4-7

Altars:
Sif Muna

Annotations:
D:3 xeno23's ghost, amateur HESk


Message History

The iguana is severely wounded.
The iguana closely misses you.
You closely miss the iguana.
The iguana is severely wounded.
The iguana bites you.
You take 2 damage.
You hit the iguana but do no damage.
The iguana is severely wounded.
The iguana bites you.
You take 3 damage.
Casting: Infusion
Confirm with . or Enter, or press ? or * to list all spells.
You begin infusing your attacks with magical energy.
The iguana bites you.
* * * LOW HITPOINT WARNING * * *
You take 6 damage.
You hit the iguana.
The iguana is almost dead.
The iguana bites you!
You die...

.# #).#.......#####'###'### #.#
.########.......'.....#.....# #.#
........'...^...#.###.#.....###'#
#########.......#.# #.#.....##...
#.............#.# #.#[##'###...
#........)....#.. ..+. #.###...
#.............#+# #### #..##...
#######.........###### ##.##...
#.......@l.....# #.##...
#..............# #..#...
#######........# ##.#...
#........# #..#+# #........#
##.#.# #........# #...#
########## ##..# #..# #...


You could see an iguana.

Vanquished Creatures
  An iguana (D:4)
  Jessica (D:3)
  A worker ant (D:4)
  4 adders
  2 oozes (D:1)
  A giant gecko (D:2)
  An orc (D:4)
  9 bats
  6 giant cockroaches
  13 goblins
  6 hobgoblins
  A quokka (D:4)
  3 giant newts
  2 jackals (D:2)
  5 kobolds
  4 rats (D:1)
60 creatures vanquished.

Notes
Turn   | Place    | Note
--------------------------------------------------------------
     0 | D:1      | xeno23 the High Elf Skald began the quest for the Orb.
     0 | D:1      | Reached XP level 1. HP: 14/14 MP: 4/4
   490 | D:1      | Reached XP level 2. HP: 8/19 MP: 2/6
   663 | D:1      | Reached skill level 4 in Charms
   673 | D:1      | Reached skill level 1 in Armour
   680 | D:1      | Reached XP level 3. HP: 13/25 MP: 2/8
  1367 | D:2      | Reached XP level 4. HP: 14/30 MP: 9/9
  1900 | D:3      | Learned a level 2 spell: Shroud of Golubria
  1904 | D:3      | Learned a level 3 spell: Spectral Weapon
  1973 | D:3      | Noticed Jessica
  1981 | D:3      | Found a deep blue altar of Sif Muna.
  1988 | D:3      | Killed Jessica
  2086 | D:3      | Found a faded altar to an unknown god.
  2106 | D:3      | Noticed xeno23's ghost (amateur HESk)
  2175 | D:4      | Reached XP level 5. HP: 22/35 MP: 4/10
  2505 | D:4      | Reached skill level 1 in Hexes
  2548 | D:4      | Mangled by an iguana

Action                   |  1- 3 |  4- 6 || total
-------------------------+-------+-------++-------
Melee: Falchion          |   125 |    50 ||   175
       Dagger            |       |    11 ||    11
       Long sword        |       |    16 ||    16
 Cast: Infusion          |    12 |     7 ||    19
  Eat: Chunk             |     2 |     3 ||     5
